 Dungeon Crawl Stone Soup version 0.31-a0-1059-g83d41fd8b6 (webtiles) character file.

Game seed: 12048296075365414485

47 harv121 the Cudgeller (level 3, -1/4 (34) HPs)
             Began as a Minotaur Berserker on Nov 21, 2023.
             Was a Believer of Trog.
             Succumbed to a kobold's poison
             ... on level 3 of the Dungeon.
             The game lasted 00:19:07 (1417 turns).

harv121 the Cudgeller (Minotaur Berserker)          Turns: 1417, Time: 00:19:08

HP:   -1/4 (34)     AC: 11    Str: 23    XL:     3   Next: 48%
MP:   2/2           EV:  7    Int:  4    God:    Trog [**....]
Gold: 108           SH:  0    Dex:  9    Spells: 2/2 levels left

rFire   . . .        a - +0 mace
rCold   . . .        (no shield)
rNeg    . . .        k - +0 plate armour
rPois   .            (helmet restricted)
rElec   .            (no cloak)
rCorr   .            (no gloves)
SInv    .            (no boots)
Will    .....        (no amulet) Stlth
                     (no ring)
HPRegen 0.20/turn    (no ring)
MPRegen 0.08/turn

%: no passive effects
@: lethally poisoned (-1 -> -17), extremely drained
A: horns 2, retaliatory headbutt
a: Renounce Religion, Berserk, Trog's Hand


You were on level 3 of the Dungeon.
You worshipped Trog.
Trog was pleased with you.
You visited 1 branch of the dungeon, and saw 3 of its levels.

You collected 108 gold pieces.

Inventory:

Hand Weapons
 a - a +0 mace (weapon)
 b - the +1 sling of Proximity {elec, Drain +Blink rF+++ Stlth+}
   (You found it on level 2 of the Dungeon)

   rF+++:     It renders you almost immune to fire.
   +Blink:    It lets you blink.
   Drain:     It drains your maximum health when unequipped.
   Stlth+:    It makes you more stealthy.
 d - a +0 whip
 f - a +0 club
 g - a +0 sling
Missiles
 c - 39 stones (quivered)
Armour
 k - a +0 plate armour (worn)
 o - a +0 leather armour
 q - a +0 animal skin
Scrolls
 e - a scroll of enchant weapon {unknown}
 j - a scroll of acquirement {unknown}
 l - a scroll of brand weapon {unknown}
 m - a scroll of vulnerability {unknown}
 n - 2 scrolls of noise {unknown}
 p - a scroll of poison {unknown}
Potions
 h - 4 potions of curing {unknown}
 i - a potion of mutation {unknown}


   Skills:
 + Level 4.4 Fighting
 + Level 4.5 Maces & Flails
 * Level 2.9 Armour
 - Level 2.3 Dodging


You had 2 spell levels left.
You didn't know any spells.
Your spell library contained the following spells:

 Spells                   Type           Power      Damage    Failure   Level
 Call Canine Familiar     Summ           0%         N/A       100%        3
 Sigil of Binding         Hex            0%         N/A       100%        3
 Dimensional Bullseye     Hex/Tloc       0%         N/A       100%        4
 Leda's Liquefaction      Hex/Erth       0%         N/A       100%        4


Dungeon Overview and Level Annotations

Branches:
Dungeon (3/15)

Altars:


Innate Abilities, Weirdness & Mutations

You have a pair of horns on your head.
You reflexively headbutt those who attack you in melee.


Message History

Aim: a kobold, wielding a +1 short sword of venom and quivering stones (45% to hit)
You shoot a sling bullet.
The sling bullet hits the kobold but does no damage.
The kobold throws a stone.
The stone hits you.
Fire: b) +1 sling of Proximity {elec, Drain +Blink rF+++ Stlth+}
Press: ? - help, Q - select action, (/) - cycle Shift-Dir - straight line, f/p - kobold
Aim: a kobold, wielding a +1 short sword of venom and quivering stones (45% to hit)
You shoot a sling bullet. The sling bullet hits the kobold.
The kobold is moderately wounded.
Fire: b) +1 sling of Proximity {elec, Drain +Blink rF+++ Stlth+}
Press: ? - help, Q - select action, (/) - cycle Shift-Dir - straight line, f/p - kobold
Aim: a kobold, wielding a +1 short sword of venom and quivering stones (moderately wounded, 45% to hit)
You shoot a sling bullet.
The sling bullet completely misses the kobold.
Fire: b) +1 sling of Proximity {elec, Drain +Blink rF+++ Stlth+}
Press: ? - help, Q - select action, (/) - cycle Shift-Dir - straight line, f/p - kobold
Aim: a kobold, wielding a +1 short sword of venom and quivering stones (moderately wounded, 45% to hit)
You shoot a sling bullet.
The sling bullet barely misses the kobold.
The kobold hits you but does no damage.
Okay, then.
You feel drained.
The +1 sling of Proximity {elec, Drain +Blink rF+++ Stlth+} stops crackling.
a - a +0 mace (weapon)
The kobold hits you but does no damage.
You are lethally poisoned!
You closely miss the kobold.
The kobold is moderately wounded.
Ouch! That really hurt!
You feel sick. The kobold hits you but does no damage.
You are more poisoned.
You are too injured to fight recklessly!
You are too injured to fight recklessly!
You are too injured to fight recklessly!
You are too injured to fight recklessly!
You hit the kobold.
You kill the kobold!
Trog accepts your kill.
Ouch! That really hurt!
You die...

#... #..
#.. #..
..... #.#
#...# #S#
#...# #)#
#...# #@#
#...# #.#
#...#
#.####...#
#....'...#
#.####...#
#.#
##.########
#.#
#.......<#
###
##########


You could see a ball python.

Vanquished Creatures
  An adder (D:2)
  A worm (D:2)
  4 ball pythons
  5 endoplasms
  A giant cockroach (D:1)
  4 goblins (D:1)
  A hobgoblin (D:1)
  6 bats
  3 frilled lizards
  7 kobolds
  4 rats
37 creatures vanquished.

Notes
Turn   | Place    | Note
-------+----------+-------------------------------------------
     0 | D:1      | harv121 the Minotaur Berserker began the quest for the Orb.
     0 | D:1      | Reached XP level 1. HP: 19/19 MP: 0/0
   112 | D:1      | Reached XP level 2. HP: 23/27 MP: 1/1
   839 | D:2      | Reached XP level 3. HP: 32/33 MP: 2/2
   961 | D:2      | Identified the +1 sling of Proximity {elec, Drain +Blink
                  | rF+++ Stlth+}
  1092 | D:2      | Reached ** piety under Trog
  1417 | D:3      | Succumbed to a kobold's poison

Illustrated notes

Levels and vault maps discovered:
D:1:      minmay_arrival_doors, layout_rooms, minmay_misc_feat_ornament
D:2:      layout_rooms
D:3:      layout_basic, dk_yredelemnul_ordeal, ebering_ghost_inner_flame,
          uniq_natasha

Skill      XL: |  1 |
---------------+----+-----
Fighting       | 4 |  4.4
Maces & Flails | 4 |  4.5
Armour         | |  2.9
Dodging        | |  2.3

Action                     || total
---------------------------++-------
  Melee: Mace              ||    68
         Headbutt          ||    10
   Fire: Sling             ||     4
  Throw: Stone             ||     3
 Invoke: Berserk           ||     2
 Armour: Animal skin       ||    15
         Plate armour      ||    35
  Dodge: Dodged            ||    39

Table legend: (Time is in decaauts)
 A = Elapsed time spent in this place.
 B = Non-inter-level travel time spent in this place.
 C = Inter-level travel time spent in this place.
 D = Time resting spent in this place.
 E = Time spent auto-exploring this place.
 F = Levels seen in this place.
 G = Mean time per level.
                   A        B        C        D        E       F      G
               +--------+--------+--------+--------+--------+-----+--------+
         Total |   1415 |   1287 |    128 |      0 |    860 |   3 |  471.7 |
       Dungeon |   1415 |   1287 |    128 |      0 |    860 |   3 |  471.7 |
               +--------+--------+--------+--------+--------+-----+--------+

Top non-repeatable levels by time:
     D:1: 791 daAuts
     D:2: 594 daAuts
     D:3: 29 daAuts
